 Dungeon Crawl Stone Soup version 0.28-a0-957-g42eb19b844 (webtiles) character file.

Game seed: 11742387922632004228

150 mainiacjoe the Caller (level 5, -5/31 HPs)
             Began as an Octopode Summoner on Dec 1, 2021.
             Was a Priest of Lugonu.
             Slain by Ijyb (6 damage)
             ... on level 3 of the Dungeon.
             The game lasted 00:08:01 (3096 turns).

mainiacjoe the Caller (Octopode Summoner)           Turns: 3096, Time: 00:08:02

Health: -5/31      AC:  0    Str:  8    XL:     5   Next: 32%
Magic:  9/9        EV: 14    Int: 19    God:    Lugonu [***...]
Gold:   60         SH:  5    Dex: 12    Spells: 3/9 levels left

rFire   . . .      SeeInvis .   (weapon currently unavailable)
rCold   . . .      Faith    .   (shield currently unavailable)
rNeg    . . .      Spirit   .   (helmet currently unavailable)
rPois   .          Reflect  +   q - amulet of reflection
rElec   .          Harm     .   (ring currently unavailable)
rCorr   .          Rampage  .   (ring currently unavailable)
Will    .....                   (ring currently unavailable)
Stlth   ++........              (ring currently unavailable)
HPRegen 0.10/turn               (ring currently unavailable)
MPRegen 0.11/turn               (ring currently unavailable)
                                (ring currently unavailable)
                                (ring currently unavailable)

@: lethally poisoned (-5 -> -12), pig-form (expiring), very quick
A: fast, no casting, almost no armour, (amphibious), (8 rings), small,
(camouflage 1), (gelatinous body 1), (nimble swimmer 1), (tentacles)
a: Renounce Religion, Depart the Abyss, Bend Space, Banish


You were on level 3 of the Dungeon.
You worshipped Lugonu.
Lugonu was most pleased with you.
You were a filthy swine.
You visited 1 branch of the dungeon, and saw 3 of its levels.

You collected 108 gold pieces.
You spent 48 gold pieces at shops.

Inventory:

Hand Weapons
 a - a +1 dagger of electrocution
 b - a +0 hunting sling
 s - a +4 flail (melded)
 u - a +0 trident
 w - a +0 spear
Missiles
 d - 11 poisoned darts (quivered)
 i - 84 stones
 k - 19 bolts
 o - 53 arrows
Armour
 h - a +0 buckler (melded)
Jewellery
 q - an amulet of reflection (around neck)
Scrolls
 c - a scroll of teleportation
 f - 2 scrolls of enchant weapon {unknown}
 g - 2 scrolls of vulnerability
 m - a scroll of immolation {unknown}
 p - a scroll of holy word {unknown}
 r - a scroll of amnesia {unknown}
 t - a scroll of noise {unknown}
Potions
 j - a potion of haste
 l - a potion of heal wounds
 n - 2 potions of flight {unknown}


   Skills:
 - Level 2.0 Dodging
 - Level 2.9 Stealth
 * Level 2.7 Shields
 + Level 2.7 Spellcasting
 * Level 5.1 Summonings


You had 3 spell levels left.
You knew the following spells:

 Your Spells              Type           Power      Damage    Failure   Level
a - Summon Small Mammal   Summ           88%        N/A       1%          1
b - Call Imp              Summ           22%        N/A       3%          2
c - Call Canine Familiar  Summ           22%        N/A       6%          3

Your spell library contained the following spells:

 Spells                   Type           Power      Damage    Failure   Level
 Summon Guardian Golem    Hex/Summ       12%        N/A       16%         3
 Summon Lightning Spire   Summ/Air       12%        N/A       47%         4


Dungeon Overview and Level Annotations

Branches:
Dungeon (3/15)

Altars:
Dithmenos
Ru
Sif Muna
Lugonu

Shops:
D:2 *

Annotations:
D:3 Grinder, Ijyb


Innate Abilities, Weirdness & Mutations

You are a filthy swine.
You move quickly.
Your equipment is almost entirely melded.
You are incapable of wielding weapons or throwing items.
You cannot cast spells.
You cannot wear most types of armour.
((You are amphibious.))
((You can wear up to eight rings at the same time.))
((Your skin changes colour to match your surroundings (Stealth+).))
((Your rubbery body absorbs attacks. (AC +1, EV +1)))
((You are camouflaged near water. (Stealth+)))
((You have tentacles for arms and can constrict up to eight enemies at once.))


Message History

You feel sick. The giant cockroach barely misses you. Ijyb barely misses you.
You hit Ijyb but do no damage.
Ijyb is lightly wounded.
You feel sick. The giant cockroach bites you. Ijyb misses you.
You hit Ijyb but do no damage.
Ijyb is lightly wounded.
You feel sick. You block the giant cockroach's attack.
Ijyb hits you with a +4 dagger of venom.
* * * LOW HITPOINT WARNING * * *
You are more poisoned.
The giant cockroach barely misses you.
Your transformation is almost over.
* * * LOW HITPOINT WARNING * * *
You feel very sick.
You feel better. The giant cockroach bites you.
You hit the giant cockroach but do no damage.
The giant cockroach closely misses you.
You hit Ijyb.
Ijyb is lightly wounded.
Ijyb barely misses you. The giant cockroach bites you.
You hit Ijyb but do no damage.
Ijyb is lightly wounded.
Ijyb zaps a wand.
You resist with some effort.
The now-empty wand crumbles to dust.
The giant cockroach bites you.
* * * LOW HITPOINT WARNING * * *
You hit Ijyb but do no damage.
Ijyb is lightly wounded.
The giant cockroach bites you.
* * * LOW HITPOINT WARNING * * *
Ijyb hits you with a +4 dagger of venom.
* * * LOW HITPOINT WARNING * * *
You are lethally poisoned!
You closely miss Ijyb.
Ijyb is lightly wounded.
* * * LOW HITPOINT WARNING * * *
You feel very sick. You block the giant cockroach's attack.
Ijyb screams, "You nasty!
Big nasty!"
Ijyb hits you with a +4 dagger of venom.
You die...

#### ..#
#.#.#.#.....# ..#
#.....#.##### ...#
####..#....<# ...#
#####..#######
....#
#####.....>.......
##...[.############
#....).#
#.##.#.#..#
#....h....#
#<..g#B#.##
#........#
#......### #......#
########


You could see Ijyb and a giant cockroach.

Vanquished Creatures
  An iguana (D:3)
  An orc wizard (D:3)
  3 orcs (D:3)
  2 bats (D:1)
  3 endoplasms
  3 giant cockroaches
  6 goblins
  4 hobgoblins
  2 jackals (D:1)
  5 kobolds
  3 quokkas
  4 ball pythons
  3 frilled lizards
  2 rats
42 creatures vanquished.

Vanquished Creatures (collateral kills)
  2 adders (D:2)
  2 worms (D:2)
  6 orcs (D:3)
  A ball python (D:3)
  2 endoplasms (D:2)
  A giant cockroach (D:1)
  3 kobolds
  A rat (D:1)
18 creatures vanquished.

Vanquished Creatures (others)
  28 fungi (D:3)
28 creatures vanquished.

Grand Total: 88 creatures vanquished

Notes
Turn   | Place    | Note
-------+----------+-------------------------------------------
     0 | D:1      | mainiacjoe the Octopode Summoner began the quest for the
                  | Orb.
     0 | D:1      | Reached XP level 1. HP: 11/11 MP: 3/3
   340 | D:1      | Reached XP level 2. HP: 17/17 MP: 5/5
   343 | D:1      | Learned a level 2 spell: Call Imp
   859 | D:1      | Reached skill level 1 in Shields
   913 | D:1      | Reached XP level 3. HP: 15/21 MP: 2/6
  1053 | D:1      | Found a faded altar of an unknown god.
  1053 | D:1      | Noticed a chaos spawn
  1152 | D:1      | Prayed at the altar of an unknown god.
  1152 | D:1      | Became a worshipper of Lugonu the Unformed
  1152 | D:1      | Reached * piety under Lugonu
  1152 | D:1      | Reached ** piety under Lugonu
  1660 | D:2      | Learned a level 3 spell: Call Canine Familiar
  1881 | D:2      | Found Bishaul's Assorted Antiques.
  1910 | D:2      | Bought a scroll labelled YDUMOPL QIAGY for 24 gold pieces
  1910 | D:2      | Bought a scroll labelled QIANLOE TAMN for 24 gold pieces
  2014 | D:2      | Reached XP level 4. HP: 3/27 MP: 5/7
  2738 | D:3      | Found a shimmering blue altar of Sif Muna.
  2760 | D:3      | Reached skill level 5 in Summonings
  2760 | D:3      | Reached XP level 5. HP: 20/31 MP: 5/9
  2954 | D:3      | Noticed Grinder
  2978 | D:3      | Reached *** piety under Lugonu
  3000 | D:3      | Found a sacrificial altar of Ru.
  3015 | D:3      | Found a shadowy altar of Dithmenos.
  3077 | D:3      | Noticed Ijyb
  3096 | D:3      | HP: 1/31 [poisoned by Ijyb]
  3096 | D:3      | Slain by Ijyb

Illustrated notes

Levels and vault maps discovered:
D:1:      erik_arrival_cave_to_civilisation [erik_arrival_cave_to_hall],
          layout_loops_corners, dreamdust_ecumenical_altar_sealed_demon
D:2:      layout_basic, serial_shops, shop
D:3:      layout_basic, mainiacjoe_overflow_chevrons,
          mainiacjoe_overflow_surrounded_room, nicolae_ru_the_path_less_chosen,
          serial_glass, glass_columns_b, glass_columns_a, glass_columns_a,
          glass_columns_c, uniq_ijyb, uniq_grinder, uniq_jessica

Skill      XL: |  1  2  3  4 |
---------------+-------------+-----
Shields        | 1 2 |  2.7
Summonings     | 5 |  5.1
Dodging        | |  2.0
Stealth        | |  2.9
Spellcasting   | |  2.7

Action                   |  1- 3 |  4- 6 || total
-------------------------+-------+-------++-------
Melee: Spear             |    82 |    16 ||    98
       Tentacles         |     6 |     3 ||     9
       Constrict         |    15 |     7 ||    22
       Flail             |       |    15 ||    15
       Unarmed           |       |    12 ||    12
 Fire: Hunting sling     |       |     2 ||     2
Throw: Dart              |    54 |     7 ||    61
 Cast: Summon Small Mamm |     8 |     7 ||    15
       Call Imp          |     6 |     4 ||    10
  Use: Scroll            |     4 |     1 ||     5
       Potion            |       |     1 ||     1
 Stab: Sleeping          |     6 |       ||     6
Armor: Skin              |     7 |     1 ||     8
Dodge: Dodged            |    19 |    17 ||    36
Block: Buckler           |     4 |     7 ||    11
       Other             |       |     3 ||     3

Table legend: (Time is in decaauts)
 A = Elapsed time spent in this place.
 B = Non-inter-level travel time spent in this place.
 C = Inter-level travel time spent in this place.
 D = Time resting spent in this place.
 E = Time spent auto-exploring this place.
 F = Levels seen in this place.
 G = Mean time per level.
                   A        B        C        D        E       F      G
               +--------+--------+--------+--------+--------+-----+--------+
         Total |   3117 |   2977 |    140 |    529 |   1883 |   3 | 1039.0 |
       Dungeon |   3117 |   2977 |    140 |    529 |   1883 |   3 | 1039.0 |
               +--------+--------+--------+--------+--------+-----+--------+

Top non-repeatable levels by time:
     D:1: 1386 daAuts
     D:2: 1143 daAuts
     D:3: 588 daAuts
